 Dungeon Crawl Stone Soup version 0.28-a0-804-g60983d4ba9 (webtiles) character file.

Game seed: 13205976777578892454

115 vurker the Gusty (level 5, -3/30 HPs)
             Began as a Tengu Air Elementalist on Nov 7, 2021.
             Slain by a black bear (6 damage)
             ... on level 5 of the Dungeon.
             The game lasted 00:02:56 (2950 turns).

vurker the Gusty (Tengu Air Elementalist)           Turns: 2950, Time: 00:02:57

Health: -3/30      AC:  2    Str:  9    XL:     5   Next: 0%
Magic:  4/10       EV: 14    Int: 16    God:
Gold:   169        SH:  0    Dex: 14    Spells: 5/10 levels left

rFire   . . .      SeeInvis .   d - +0 short sword
rCold   . . .      Faith    .   (no shield)
rNeg    . . .      Spirit   .   a - +0 robe
rPois   .          Reflect  .   (helmet restricted)
rElec   .          Harm     .   (no cloak)
rCorr   .          Rampage  .   (no gloves)
Will    .....                   (boots unavailable)
Stlth   ++........              (no amulet)
HPRegen 0.10/turn               (no ring)
MPRegen 0.12/turn               (no ring)

@: flying quickly and evasively, very slightly contaminated, quick
A: beak, talons 3, nimble flight
a: no special abilities


You were on level 5 of the Dungeon.
You visited 1 branch of the dungeon, and saw 4 of its levels.

You collected 169 gold pieces.

Inventory:

Hand Weapons
 d - a +0 short sword (weapon)
   (You took it off a kobold on level 1 of the Dungeon)
Armour
 a - a +0 robe (worn)
Scrolls
 b - a scroll of teleportation {unknown}
 c - 3 scrolls of acquirement {unknown}
 f - a scroll of identify {unknown}
 g - 3 scrolls of enchant weapon {unknown}
 h - a scroll of summoning {unknown}
Potions
 e - a potion of haste {unknown}
 i - a potion of berserk rage {unknown}


   Skills:
 + Level 1.8 Fighting
 - Level 2.1 Dodging
 - Level 2.0 Stealth
 * Level 3.0 Spellcasting
 + Level 2.5 Conjurations
 * Level 5.2 Air Magic


You had 5 spell levels left.
You knew the following spells:

 Your Spells              Type           Power      Damage    Failure   Level
a - Shock                 Conj/Air       56%        1d6       3%          1
c - Airstrike             Air            9%         N/A       22%         4

Your spell library contained the following spells:

 Spells                   Type           Power      Damage    Failure   Level
 Static Discharge         Conj/Air       14%        N/A       6%          2
 Swiftness                Air            19%        N/A       6%          3
 Gell's Gravitas          Tloc           2%         N/A       50%         3
 Teleport Other           Tloc           2%         N/A       50%         3
 Dispersal                Tloc           1%         N/A       100%        6


Dungeon Overview and Level Annotations

Branches:
Dungeon (3/15)

Altars:


Innate Abilities, Weirdness & Mutations

You have a beak for a mouth.
You have claws for feet.
Your magical nature lets you fly swiftly and evasively.


Message History

The endoplasm quivers.
You can't see any susceptible monsters within range! (Use Z to cast anyway.)
You can't see any susceptible monsters within range! (Use Z to cast anyway.)
You can't see any susceptible monsters within range! (Use Z to cast anyway.)
You can't see any susceptible monsters within range! (Use Z to cast anyway.)
An endoplasm is nearby!
An endoplasm is nearby!
Aim: an endoplasm (almost dead, 98% to hit)
The zap hits the endoplasm.
You kill the endoplasm!
You can't see any susceptible monsters within range! (Use Z to cast anyway.)
A hobgoblin comes into view.
Found a fuming sapphire potion.
A hobgoblin is nearby!
A hobgoblin is nearby!
Aim: a hobgoblin (asleep, 100% to hit)
The zap hits the hobgoblin.
You kill the hobgoblin!
You have reached level 5!
Your magical nature develops, letting you fly swiftly and evasively.
You can't see any susceptible monsters within range! (Use Z to cast anyway.)
You can't see any susceptible monsters within range! (Use Z to cast anyway.)
You can't see any susceptible monsters within range! (Use Z to cast anyway.)
There is an open door here.
Found a ring mail.
i - a fuming sapphire potion You are sucked into a shaft and drop 2 floors!
The shaft crumbles and collapses.
You hear the sound of rushing water.
There is an entrance to a sewer on this level.
Hurry and find it before the portal rusts away!
A black bear comes into view.
The black bear growls angrily.
You miscast Shock.
You are very lightly contaminated with residual magic.
Nothing appears to happen.
The zap hits the black bear. x2
The zap hits the black bear. x2; The black bear bites you.
The black bear misses you. x2
The zap hits the black bear. x2; The black bear goes berserk!
The zap hits the black bear. x2; The black bear completely misses you.
The black bear claws you. The black bear barely misses you.
The zap misses the black bear.
The zap hits the black bear.
The black bear bites you.
* * * LOW HITPOINT WARNING * * *
The black bear claws you.
* * * LOW HITPOINT WARNING * * *
The black bear claws you.
* * * LOW HITPOINT WARNING * * *
The black bear barely misses you. The black bear claws you.
You die...

############
.......@h..#
##########.######
..............#
########h#.####
....h........#
#######.#.#.##
..#.#.# ### # #


You could see a black bear (berserk).

Vanquished Creatures
  3 gnolls
  A white imp (D:3)
  5 dart slugs
  6 bats (D:1)
  8 endoplasms
  4 giant cockroaches
  7 hobgoblins
  4 jackals
  3 kobolds
  A quokka (D:2)
  6 ball pythons
  4 frilled lizards
  9 goblins
  4 rats
65 creatures vanquished.

Notes
Turn   | Place    | Note
-------+----------+-------------------------------------------
     0 | D:1      | vurker the Tengu Air Elementalist began the quest for the
                  | Orb.
     0 | D:1      | Reached XP level 1. HP: 10/10 MP: 4/4
   204 | D:1      | Reached XP level 2. HP: 16/16 MP: 4/6
   790 | D:1      | Reached skill level 1 in Fighting
   790 | D:1      | Reached XP level 3. HP: 20/20 MP: 4/7
  1475 | D:2      | Reached XP level 4. HP: 24/25 MP: 5/9
  1476 | D:2      | Reached skill level 5 in Air Magic
  1481 | D:2      | Learned a level 4 spell: Airstrike
  2905 | D:3      | Gained mutation: Your magical nature lets you fly swiftly
                  | and evasively. [Tengu growth]
  2905 | D:3      | Reached XP level 5. HP: 30/30 MP: 8/10
  2935 | D:3      | You are sucked into a shaft and drop 2 floors!
  2935 | D:5      | Entered Level 5 of the Dungeon
  2939 | D:5      | Noticed a black bear
  2950 | D:5      | Slain by a black bear

Illustrated notes

Levels and vault maps discovered:
D:1:      elethiomel_arrival_quiet, layout_basic
D:2:      layout_loops_ring, kennysheep_small_spiral, minmay_misc_feat_chi,
          minivault_23
D:3:      layout_basic, doesnt_xom_only_xom, serial_corexii_hall,
          corexii_hall_statues_x, chequers_hall_statues_y,
          chequers_hall_statues_corner_a, chequers_hall_statues_y
D:5:      layout_basic, gup_sewer_entry_glass

Skill      XL: |  1  2  3  4 |
---------------+-------------+-----
Fighting       | 1 |  1.8
Conjurations   | 2 |  2.5
Air Magic      | 5 |  5.2
Spellcasting   | 3 |  3.0
Dodging        | |  2.1
Stealth        | |  2.0

Action                   |  1- 3 |  4- 6 || total
-------------------------+-------+-------++-------
Melee: Unarmed           |     5 |       ||     5
       Kick              |     3 |       ||     3
       Peck              |     1 |       ||     1
 Cast: Shock             |    75 |    59 ||   134
Armor: Robe              |     5 |       ||     5
Dodge: Dodged            |    14 |     6 ||    20

Table legend: (Time is in decaauts)
 A = Elapsed time spent in this place.
 B = Non-inter-level travel time spent in this place.
 C = Inter-level travel time spent in this place.
 D = Time resting spent in this place.
 E = Time spent auto-exploring this place.
 F = Levels seen in this place.
 G = Mean time per level.
                   A        B        C        D        E       F      G
               +--------+--------+--------+--------+--------+-----+--------+
         Total |   2947 |   2919 |     28 |     39 |   2536 |   4 |  736.8 |
       Dungeon |   2947 |   2919 |     28 |     39 |   2536 |   4 |  736.8 |
               +--------+--------+--------+--------+--------+-----+--------+

Top non-repeatable levels by time:
     D:1: 1303 daAuts
     D:2: 1126 daAuts
     D:3: 504 daAuts
     D:5: 13 daAuts
